 Dungeon Crawl Stone Soup version 0.29.1-12-g30fa7ad0bf (webtiles) character file.

Game seed: 3368520912616369771

187 Sanktem7 the Trooper (level 5, 0/48 HPs)
             Began as a Minotaur Fighter on Jan 3, 2023.
             Succumbed to an orc priest's poison
             ... on level 3 of the Dungeon.
             The game lasted 00:04:04 (3545 turns).

Sanktem7 the Trooper (Minotaur Fighter)             Turns: 3545, Time: 00:04:04

Health: 0/48       AC: 12    Str: 22    XL:     5   Next: 39%
Magic:  4/4        EV:  6    Int:  5    God:
Gold:   174        SH:  4    Dex: 10    Spells: 4/4 levels left

rFire   x . .      SeeInvis .   a - +0 flail {mace}
rCold   + . .      Faith    .   c - +0 buckler
rNeg    . . .      Spirit   .   p - +0 plate armour
rPois   .          Reflect  .   (helmet restricted)
rElec   .          Harm     .   (no cloak)
rCorr   .          Rampage  .   (no gloves)
Will    .....                   (no boots)
Stlth   ..........              (no amulet)
HPRegen 0.16/turn               f - ring of ice
MPRegen 0.09/turn               (no ring)

@: lethally poisoned (0 -> -24)
A: horns 2, retaliatory headbutt
a: no special abilities


You were on level 3 of the Dungeon.
You visited 1 branch of the dungeon, and saw 4 of its levels.

You collected 174 gold pieces.


Innate Abilities, Weirdness & Mutations

You have a pair of horns on your head.
You reflexively headbutt those who attack you in melee.


   Skills:
 * Level 5.4 Fighting
 * Level 4.7 Maces & Flails
 + Level 4.6 Armour
 - Level 3.6 Shields


You had 4 spell levels left.
You didn't know any spells.
Your spell library contained the following spells:

 Spells                   Type           Power      Damage    Failure   Level
 Beastly Appendage        Tmut           0%         N/A       100%        1
 Summon Small Mammal      Summ           0%         N/A       100%        1
 Sublimation of Blood     Necr           0%         N/A       100%        2
 Wereblood                Tmut           0%         N/A       100%        2
 Call Canine Familiar     Summ           0%         N/A       100%        3
 Spider Form              Tmut/Pois      0%         N/A       100%        3
 Summon Guardian Golem    Hex/Summ       0%         N/A       100%        3
 Summon Hydra             Summ           0%         N/A       100%        7

Inventory:

Hand Weapons
 a - a +0 flail (weapon) {mace}
 k - a +1 short sword of flaming {short}
   (You took it off a kobold on level 1 of the Dungeon)
Missiles
 l - 14 stones (quivered) {throwing}
 y - 5 poisoned darts {throwing}
Armour
 c - a +0 buckler (worn)
 p - a +0 plate armour (worn)
   (You found it on level 1 of the Dungeon)
Jewellery
 f - a ring of ice (left hand)
   (You found it on level 1 of the Dungeon)
Wands
 w - a wand of mindburst (13)
   (You found it on level 3 of the Dungeon)
Scrolls
 b - 2 scrolls of vulnerability {unknown}
 e - a scroll of amnesia {unknown}
 g - 2 scrolls of fog {unknown}
 h - 2 scrolls of noise {unknown}
 j - 2 scrolls of identify {unknown}
 m - 2 scrolls of immolation {unknown}
 n - a scroll of torment {unknown}
 r - 2 scrolls of fear {unknown}
 t - a scroll of teleportation {unknown}
 v - a scroll of brand weapon {unknown}
 z - a scroll of magic mapping {unknown}
Potions
 d - 2 potions of might
 i - 2 potions of lignification {unknown}
 o - 2 potions of heal wounds {unknown}
 q - a potion of curing {unknown}
 s - 3 potions of brilliance {unknown}
 u - a potion of degeneration {unknown}
 x - a potion of cancellation {unknown}

Dungeon Overview and Level Annotations

Branches:
Dungeon (4/15) Zot: 20410
 Temple: D:4-7

Altars:

Shops:
D:3

* ### #.# #.#### # #.##.# #
#.##.# ###### #.##.#
############# #.....
#######'##.###..J........# #.####
...............[@o.......# #.# #.
.........#.#.#...........# #.# #.
.........#...#........)..###.###.
.........#...#...........#.......
.........#...####.....####.#..##.
.........#.................#.....
..............###<#.#.####.##....
..............# #.#.#.# #.##....
..............###.#.#.####.##....


You could see an orc priest and an endoplasm.


Message History

You sock the orc wizard!
You kill the orc wizard!
You have reached level 5! 😱 HP[+2] MP[+1]
You now have 48 max hp (+6).
You regained 2 hp, and now have 12/48 hp.
Your mp is fully restored (4).
You start resting. 😎 HP[+36]
Your hp is fully restored (48).
You climb downwards.
The endoplasm quivers.
The hound bites you but does no damage. You block the orc's attack.
The hound bites you but does no damage.
There is a stone staircase leading up here.
You barely miss the hound. Your headbutt misses the hound.
The hound bites you but does no damage. The orc hits you but does no damage.
The hound bites you but does no damage.
The endoplasm jiggles.
The orc hits you but does no damage.
You closely miss the hound. The hound bites you but does no damage.
You block the hound's attack.
The orc priest begins to cast a cantrip, but forgets the words!
The orc closely misses you. You furiously retaliate!
You headbutt the orc. You sock the orc!
You kill the orc!
The hound bites you but does no damage.
The orc priest invokes the aid of Beogh against you.
Pain shoots through your body! The hound bites you.
You are too injured to fight recklessly! 😮 HP[-13]
You take 13 damage, and now have 35/48 hp.
MASSIVE DAMAGE!! (PAUSE)
You barely miss the hound. The hound bites you but does no damage.
You closely miss the hound. The hound bites you but does no damage.
You block the orc priest's attack. The hound bites you. 😮 HP[-1]
You take 1 damage, and now have 34/48 hp.
You sock the hound! Your headbutt misses the hound.
The hound bites you but does no damage.
The orc priest hits you with a +1 short sword of venom.
You are poisoned.
The hound bites you but does no damage.
You block the orc priest's attack. 😮 HP[-2]
You take 2 damage, and now have 32/48 hp.
You barely miss the hound.
You feel very sick. You block the hound's attack. The hound bites you.
* * * LOW HITPOINT WARNING * * *
The orc priest barely misses you. 😨 HP[-8]
You take 8 damage, and now have 24/48 hp.
You sock the hound!
You kill the hound!
You feel sick.
The orc priest hits you but does no damage.
You are more poisoned.
You feel very sick.
The orc priest begins to cast a cantrip, but forgets the words!
The endoplasm hits you but does no damage.
You climb upwards.
You feel very sick.
There is a stone staircase leading down here. 😨 HP[-7]
You take 7 damage, and now have 17/48 hp.
You are too injured to fight recklessly!
You are too injured to fight recklessly!
You are too injured to fight recklessly!
You are too injured to fight recklessly!
You are too injured to fight recklessly!
You are too injured to fight recklessly!
You are too injured to fight recklessly!
You are too injured to fight recklessly!
You are too injured to fight recklessly!
You are too injured to fight recklessly!
You are too injured to fight recklessly!
You are too injured to fight recklessly!
You are too injured to fight recklessly!
You hit the orc priest.
You feel sick.
The orc priest hits you but does no damage.
You are lethally poisoned!
The endoplasm freezes you.
You are frozen.
You resist.
* * * LOW HITPOINT WARNING * * *
😨 HP[-4]
You take 4 damage, and now have 13/48 hp.
You barely miss the orc priest.
* * * LOW HITPOINT WARNING * * *
You feel very sick.
The orc priest hits you with a +1 short sword of venom.
* * * LOW HITPOINT WARNING * * *
You are more poisoned.
The endoplasm hits you but does no damage.
The orc priest miscasts a cantrip.
The endoplasm freezes you.
You are frozen.
You resist.
* * * LOW HITPOINT WARNING * * *
😱 HP[-7]
You take 7 damage, and now have 6/48 hp.
You sock the orc priest!
You die...

Skill      XL: |  1  2  3  4 |
---------------+-------------+-----
Fighting       | 4 5 |  5.4
Maces & Flails | 3 4 |  4.7
Armour         | 4 |  4.6
Shields        | |  3.6

Action                   |  1- 3 |  4- 6 || total
-------------------------+-------+-------++-------
Melee: Flail             |   123 |    46 ||   169
       Headbutt          |    16 |     7 ||    23
Armor: Scale mail        |    40 |       ||    40
       Plate armour      |    48 |    28 ||    76
Dodge: Dodged            |    73 |    14 ||    87
Block: Buckler           |    39 |    17 ||    56

Levels and vault maps discovered:
D:1:      kennysheep_arrival_forest, layout_rooms, minmay_misc_feat_ornament,
          nicolae_figureground_pulse
D:2:      layout_basic
D:3:      layout_basic, serial_shops, nicolae_diamond_shop,
          ebering_ecumenical_altar_petrified
D:4:      layout_loops_ring, serial_shops, shop, minmay_misc_feat_nine_boxes

Notes
Turn   | Place    | Note
-------+----------+-------------------------------------------
     0 | D:1      | Sanktem7 the Minotaur Fighter began the quest for the Orb.
     0 | D:1      | Reached XP level 1. HP: 19/19 MP: 0/0
     0 | D:1      | magus.rc [v1.9.6]
   254 | D:1      | Reached XP level 2. HP: 26/27 MP: 1/1
   259 | D:1      | Reached skill level 4 in Fighting
   263 | D:1      | Reached skill level 3 in Maces & Flails
   710 | D:1      | Reached XP level 3. HP: 26/33 MP: 2/2
   716 | D:1      | Reached skill level 4 in Armour
  2310 | D:3      | You pick up a book of Blood and begin reading...
  2310 | D:3      | You add the spells Sublimation of Blood, Wereblood and
                  | Summon Hydra to your library.
  2462 | D:3      | Reached XP level 4. HP: 41/41 MP: 3/3
  2474 | D:3      | You pick up a book of Callings and begin reading...
  2474 | D:3      | You add the spells Summon Small Mammal, Call Canine
                  | Familiar and Summon Guardian Golem to your library.
  2613 | D:3      | Reached skill level 4 in Maces & Flails
  2616 | D:3      | Reached skill level 5 in Fighting
  2618 | D:3      | HP: 10/42 [gnoll/+0 halberd (7)]
  2619 | D:3      | HP: 2/42 [gnoll/+0 halberd (8)]
  2935 | D:3      | Found Kuafrokem's Assorted Antiques.
  2996 | D:3      | Found a faded altar of an unknown god.
  3006 | D:3      | You pick up a book of Changes and begin reading...
  3006 | D:3      | You add the spells Beastly Appendage and Spider Form to
                  | your library.
  3306 | D:4      | HP: 10/42 [orc priest/divine providence (13)]
  3310 | D:3      | Reached XP level 5. HP: 12/48 MP: 4/4
  3544 | D:3      | HP: 9/48 [poisoned by an orc priest]
  3545 | D:3      | Succumbed to an orc priest's poison

Vanquished Creatures
  A hound (D:4)
  An orc wizard (D:3)
  5 gnolls
  An adder (D:2)
  A worm (D:2)
  A dart slug (D:1)
  2 orcs (D:4)
  7 bats
  12 endoplasms
  2 goblins
  6 hobgoblins
  3 jackals (D:1)
  8 kobolds
  2 quokkas (D:1)
  7 ball pythons
  5 frilled lizards
  3 rats
67 creatures vanquished.

Table legend:
 A = Non-vault XP
 B = Vault XP
 C = Vault XP percentage of total XP
 D = Non-vault monster count
 E = Vault monster count
 F = Vault count percentage of total count
                 A         B        C        D         E       F
            +---------+---------+-------+---------+---------+-------
      Total |     268 |       0 |   0.0 |      67 |       0 |   0.0
            +---------+---------+-------+---------+---------+-------
        D:1 |      48 |       0 |   0.0 |      26 |       0 |   0.0
        D:2 |      46 |       0 |   0.0 |      20 |       0 |   0.0
        D:3 |     111 |       0 |   0.0 |      16 |       0 |   0.0
        D:4 |      63 |       0 |   0.0 |       5 |       0 |   0.0
            +---------+---------+-------+---------+---------+-------

Illustrated notes

Table legend:
 A = Kills in this place as a percentage of kills in entire the game.
 B = Kills by you in this place as a percentage of kills by you in the entire game.
 C = Kills by friends in this place as a percentage of kills by friends in the entire game.
 D = Other kills in this place as a percentage of other kills in the entire game.
 E = Experience gained in this place as a percentage of experience gained in the entire game.
 F = Experience gained in this place divided by the number of levels of this place that you have seen.
                   A       B       C       D       E      F
               +-------+-------+-------+-------+-------+----------------------
         Total | 100.0 | 100.0 |   N/A |   N/A | 100.0 |  67.0
       Dungeon | 100.0 | 100.0 |   N/A |   N/A | 100.0 |  67.0
               +-------+-------+-------+-------+-------+----------------------

Table legend: (Time is in decaauts)
 A = Elapsed time spent in this place.
 B = Non-inter-level travel time spent in this place.
 C = Inter-level travel time spent in this place.
 D = Time resting spent in this place.
 E = Time spent auto-exploring this place.
 F = Levels seen in this place.
 G = Mean time per level.
                   A        B        C        D        E       F      G
               +--------+--------+--------+--------+--------+-----+--------+
         Total |   3589 |   3525 |     64 |    221 |   2853 |   4 |  897.2 |
       Dungeon |   3589 |   3525 |     64 |    221 |   2853 |   4 |  897.2 |
               +--------+--------+--------+--------+--------+-----+--------+

Top non-repeatable levels by time:
     D:2: 1251 daAuts
     D:3: 1240 daAuts
     D:1: 1054 daAuts
     D:4: 43 daAuts
